 Dungeon Crawl Stone Soup version 0.26.0-10-g1f06aea511 (webtiles) character file.

Game seed: 9925274486289790050

102 Dirian the Chopper (level 4, -2/41 HPs)
             Began as a Hill Orc Fighter on Jan 17, 2021.
             Killed from afar by an orc wizard (8 damage)
             ... with a magic dart
             ... on level 2 of the Dungeon.
             The game lasted 00:02:36 (2390 turns).

Dirian the Chopper (Hill Orc Fighter)               Turns: 2390, Time: 00:02:37

Health: -2/41      AC:  7    Str: 19    XL:     4   Next: 77%
Magic:  4/4        EV:  7    Int:  8    God:
Gold:   152        SH:  9    Dex: 10    Spells: 3/3 levels left

rFire    . . .     SeeInvis .   a - +0 war axe
rCold    . . .     Faith    .   c - +0 kite shield
rNeg     . . .     Spirit   .   b - +0 scale mail
rPois    .         Reflect  .   (no helmet)
rElec    .         Harm     .   (no cloak)
rCorr    .         Rampage  .   (no gloves)
Will     .....                  (no boots)
Stlth    ..........             (no amulet)
HPRegen  0.13/turn              (no ring)
MPRegen  0.09/turn              (no ring)

@: no status effects
A: no striking features
a: no special abilities


You were on level 2 of the Dungeon.
You visited 1 branch of the dungeon, and saw 3 of its levels.

You collected 152 gold pieces.

Inventory:

Hand Weapons
 a - a +0 war axe (weapon)
Armour
 b - a +0 scale mail (worn)
 c - a +0 kite shield (worn)
Scrolls
 e - a scroll of fear {unknown}
 f - 3 scrolls of remove curse {unknown}
 h - 2 scrolls of identify {unknown}
Potions
 d - a potion of might
 g - a potion of haste {unknown}
 i - 2 potions of invisibility {unknown}
 j - 2 potions of attraction {unknown}
 k - a potion of curing {unknown}


   Skills:
 + Level 4.3 Fighting
 + Level 4.4 Axes
 + Level 4.0 Armour
 + Level 3.8 Shields


You had 3 spell levels left.
You didn't know any spells.
Your spell library was empty.

Dungeon Overview and Level Annotations

Branches:
Dungeon (3/15)

Altars:


Message History

The orc throws a boomerang.
The boomerang barely misses you.
The weapon returns to the orc!
The orc wizard points at you and mumbles some strange words.
The puff of flame hits you.
You closely miss the orc wizard.
The orc wizard hits you but does no damage.
The orc wizard points at you and mumbles some strange words.
The puff of frost hits you. The orc wizard closely misses you.
You climb upwards.
There is a stone staircase leading down here.
You slash the orc wizard!
The orc wizard is almost dead.
The orc wizard points at you and mumbles some strange words.
The puff of frost hits you!
* * * LOW HITPOINT WARNING * * *
You block the orc wizard's attack.
The orc wizard gestures at you while chanting.
The magic dart hits you!
You die...

.###.#
#≈≈≈≈#.#######.....# .#
#.# ##≈≈≈≈.......##.#####
.# #.# #≈≈≈≈≈..####.##.##
.# #.##
#≈≈≈≈≈...........### .#
#..#
##≈≈≈≈.........#....# ##
##.#
#≈≈≈≈≈............#.#
#.###≈≈≈≈≈##.#######..#.#
#.##≈≈≈≈≈#....# #..#.#
#..#≈≈≈≈≈...@.# #..#.#
##.≈≈≈≈≈##..o.# #..#.#
#.≈≈≈≈≈......# #..#.##
#.≈≈≈≈..#.#########.....#
#.≈≈≈..##.#.........#####
#.....###.###.#######
####### #.# #.# #.# #.#
#.# #.#


You could see an orc wizard (fast).

Vanquished Creatures
  5 gnolls
  An ooze (D:1)
  A worm (D:2)
  2 dart slugs
  A leopard gecko (D:3)
  An orc (D:3)
  A ball python (D:3)
  2 giant cockroaches
  7 goblins
  6 hobgoblins
  A quokka (D:2)
  5 bats
  4 frilled lizards
  A kobold (D:2)
  3 rats
41 creatures vanquished.

Notes
Turn   | Place    | Note
-------+----------+-------------------------------------------
     0 | D:1      | Dirian the Hill Orc Fighter began the quest for the Orb.
     0 | D:1      | Reached XP level 1. HP: 19/19 MP: 1/1
   479 | D:1      | Reached XP level 2. HP: 27/27 MP: 2/2
   698 | D:1      | Reached XP level 3. HP: 33/33 MP: 3/3
  1745 | D:2      | Reached XP level 4. HP: 30/40 MP: 4/4
  2390 | D:2      | Killed from afar by an orc wizard

Illustrated notes

Levels and vault maps discovered:
D:1:      minmay_arrival_widening_spiral_narrow, layout_loops_corners,
          chequers_serial_rivers_marsh
D:2:      wander_river, layout_basic
D:3:      layout_basic, overflow_temple_1_default,
          lemuel_coloured_pillars_altar, amethyst_overflow_temple_binary,
          chequers_ecumenical_altar_simple_redux

Skill      XL: |  1  2  3  4 |
---------------+-------------+-----
Fighting       | 4 |  4.3
Axes           | 3 4 |  4.4
Armour         | 4 |  4.0
Shields        | |  3.8

Action                   |  1- 3 |  4- 6 || total
-------------------------+-------+-------++-------
Melee: War axe           |    86 |    38 ||   124
Armor: Scale mail        |    31 |    16 ||    47
Dodge: Dodged            |    25 |    18 ||    43
Block: Kite shield       |    50 |    25 ||    75
